 Dungeon Crawl Stone Soup version 0.31.0-32-g396128a36d (webtiles) character file.

Game seed: 2262206368490920028

3790 tbry the Covert (level 9, -2/48 HPs)
             Began as a Deep Elf Summoner on Apr 21, 2024.
             Was an Initiate of Gozag.
             Killed by an exploding blazeheart core (36 damage)
             ... on level 7 of the Dungeon on Apr 22, 2024.
             The game lasted 00:20:57 (8304 turns).

tbry the Covert (Deep Elf Summoner)                 Turns: 8304, Time: 00:20:57

Health: -2/48      AC:  8    Str:  5    XL:     9   Next: 95%
Magic:  18/23      EV: 21    Int: 21    God:    Gozag
Gold:   1417       SH: 11    Dex: 25    Spells: 11/25 levels left

rFire   x . .        f - +11 dagger of Guor {spect, rF- rC+ rN+}
rCold   + . .        x - +0 buckler
rNeg    + . .        u - +2 steam dragon scales
rPois   .            j - +0 helmet
rElec   .            (no cloak)
rCorr   .            (no gloves)
SInv    .            (no boots)
Will    .....        k - amulet of reflection
Stlth   +++++        A - +5 ring of evasion
HPRegen 0.28/turn    t - +6 ring of dexterity
MPRegen 0.18/turn

%: reflection
@: inugami summoned
A: no striking features
a: Renounce Religion, Potion Petition, Call Merchant, Bribe Branch


You were on level 7 of the Dungeon.
You worshipped Gozag.
Gozag was most pleased with you.
You visited 1 branch of the dungeon, and saw 8 of its levels.

You collected 1470 gold pieces.
You paid 53 gold pieces to Gozag.

Inventory:

Hand Weapons
 f - the +11 dagger of Guor (weapon) {spect, rF- rC+ rN+}
   (You found it on level 2 of the Dungeon)

   rF-:       It makes you vulnerable to fire.
   rC+:       It protects you from cold.
   rN+:       It protects you from negative energy.
Armour
 a - a +1 robe
 j - a +0 helmet (worn)
 u - +2 steam dragon scales (worn)
 x - a +0 buckler (worn)
Magical Staves
 c - a staff of conjuration
Jewellery
 k - an amulet of reflection (around neck)
 p - a ring of positive energy
 r - a ring of poison resistance
 t - a +6 ring of dexterity (right hand)
 v - a ring of resist corrosion
 A - a +5 ring of evasion (left hand)
Wands
 e - a wand of mindburst (13)
 l - a wand of flame (45)
 w - a wand of roots (6)
Scrolls
 d - 2 scrolls of blinking
 m - a scroll of fear
 o - 4 scrolls of vulnerability
 s - a scroll of silence
 y - a scroll of identify
 z - a scroll of amnesia {unknown}
 B - a scroll of enchant weapon {unknown}
Potions
 b - 2 potions of magic
 g - a potion of haste
 h - a potion of enlightenment
 i - 2 potions of ambrosia
 n - a potion of mutation {unknown}
 q - a potion of curing {unknown}


   Skills:
 + Level 1.8 Fighting
 + Level 4.3 Short Blades
 * Level 2.0 Armour
 + Level 5.8 Dodging
 * Level 10.3 Stealth
 * Level 1.0 Shields
 * Level 8.9 Spellcasting
 * Level 8.1 Summonings
 + Level 3.0 Fire Magic
 * Level 0.1 Air Magic


You had 11 spell levels left.
You knew the following spells:

 Your Spells              Type           Power      Damage    Failure   Level
a - Summon Small Mammal   Summ           100%       N/A       1%          1
b - Call Imp              Summ           86%        N/A       1%          2
c - Call Canine Familiar  Summ           43%        N/A       1%          3
d - Summon Blazeheart Go  Fire/Summ      32%        N/A       13%         4
e - Summon Lightning Spi  Summ/Air       26%        N/A       24%         4

Your spell library contained the following spells:

 Spells                   Type           Power      Damage    Failure   Level
 Necrotise                Necr           36%        1d5       14%         1
 Lesser Beckoning         Tloc           18%        N/A       21%         2
 Sublimation of Blood     Necr           9%         N/A       21%         2
 Animate Armour           Summ/Erth      52%        N/A       26%         4
 Martyr's Knell           Necr/Summ      26%        N/A       26%         4
 Gell's Gravitas          Tloc           9%         N/A       38%         3
 Teleport Other           Tloc           9%         N/A       38%         3
 Vampiric Draining        Necr           9%         2d6       38%         3
 Vhi's Electric Charge    Tloc/Air       18%        N/A       78%         4
 Arcjolt                  Conj/Air       4%         1d14      98%         5
 Curse of Agony           Necr           9%         N/A       98%         5
 Lee's Rapid Deconstruct  Erth           4%         3d5*      98%         5
 Summon Hydra             Summ           21%        N/A       99%         7
 Plasma Beam              Fire/Air       8%         2x1d18    100%        6


Dungeon Overview and Level Annotations

Branches:
Dungeon (8/15)             Temple (0/1) D:6
   Lair: D:8-11

Altars:
Ashenzari
Cheibriados
Dithmenos
Gozag
Hepliaklqana
Makhleb
Nemelex Xobeh
Vehumet
Xom

Shops:
D:2 ?

Annotations:
D:7 Maurice


Message History

Maurice shoots an arrow.
The arrow hits your blazeheart golem.
Maurice says, "Nice gear.
Can I borrow some?"
Maurice unwields a +1 orcbow of electrocution.
It stops crackling.
Maurice wields a +0 short sword.
Maurice hits your blazeheart golem with a +0 short sword.
Maurice bites your blazeheart golem but does no damage.
Your blazeheart golem punches Maurice!
Maurice unwields a +0 short sword.
Maurice wields a +1 orcbow of electrocution.
You hear the crackle of electricity.
Maurice shoots an arrow.
The arrow hits your blazeheart golem.
Maurice mumbles some strange words.
Maurice flickers and vanishes!
Deactivating autopickup; reactivate with Ctrl-A.
You hear a bow twang.
An arrow appears from out of thin air!
The arrow hits your blazeheart golem but does no damage.
You hear a zap.
A puff of flame appears from out of thin air!
The puff of flame hits your blazeheart golem but does no damage.
Casting: Summon Blazeheart Golem (quite dangerous; 13% risk of failure)
Confirm with . or Enter, or press ? or * to list all spells.
A tiny devil pulls itself out of the air.
You hear a zap.
A puff of flame appears from out of thin air!
The puff of flame hits your blazeheart golem.
Your blazeheart golem completely resists.
Casting: Call Imp (safe; 1% risk of failure)
Confirm with . or Enter, or press ? or * to list all spells.
You call for your canine familiar and it appears with a howl!
You hear a bow twang.
An arrow appears from out of thin air!
The arrow hits your blazeheart golem.
You hear a bow twang.
An arrow appears from out of thin air!
The arrow hits your blazeheart golem.
Your blazeheart golem falls apart, revealing its core!
Your blazeheart core explodes!
The fiery explosion engulfs you!!! The fire burns you terribly!
Ouch! That really hurt!
You die...
Your body crumbles into a pile of gold.

###### ########>...#
##...........#
#..######....## #.##
#....h.# ###### #.####
#...5@.### #.....
#....####≈≈..§..####
#.....
#........$≈...{....#
#.....
##...####≈≈...####.##
#..... ##### #.)....#
#..# #.....
#......#####.## #.....
##.......###..###.####
#######..###........#
##.....##..##..


You could see a friendly cerulean imp (summoned) and a friendly inugami
(summoned).

Vanquished Creatures
  Maggie (D:6)
  Jeremiah (D:6)
  Psyche (D:8)
  The ghost of panicmichael the Magician, a novice SpAl (D:7)
  A wyvern (D:8)
  Edmund (D:4)
  An ice beast (D:8)
  The ghost of araganzar the Insei, an amateur DsRe (D:3)
  2 centaurs
  3 phantoms
  4 bullfrogs
  2 scorpions
  A water moccasin skeleton (D:6)
  A crimson imp (D:5)
  2 bombardier beetles
  2 bullfrog zombies (D:6)
  3 centaur zombies (D:6)
  A gnoll bouda (D:6)
  A hound (D:4)
  2 orc priests (D:7)
  Jessica (D:3)
  6 iguanas
  4 orc wizards
  Natasha (thrice) (D:3)
  2 howler monkey zombies (D:6)
  2 gnolls (D:6)
  A howler monkey skeleton (D:3)
  10 adders
  2 shadow imps
  4 ufetubi
  5 ribbon worms
  4 dart slugs
  20 orcs
  A bat (D:3)
  5 endoplasms
  A giant cockroach (D:2)
  10 goblins
  5 hobgoblins
  8 kobolds
  A quokka (D:2)
  2 ball pythons (D:4)
  2 frilled lizards (D:2)
  4 rats
135 creatures vanquished.

Vanquished Creatures (collateral kills)
  Sigmund (D:4)
  An ogre (D:5)
  A centaur (D:7)
  A kobold brigand (D:8)
  An orc priest (D:5)
  A bullfrog skeleton (D:3)
  An orc wizard (D:5)
  Robin (D:3)
  A gnoll (D:6)
  A white imp (D:5)
  A dart slug (D:1)
  2 ribbon worms (D:3)
  2 orcs (D:4)
  2 ball pythons (D:1)
  2 endoplasms
  2 giant cockroaches (D:1)
  3 goblins
  5 hobgoblins
  2 jackals (D:1)
  2 kobolds (D:8)
  A rat (D:1)
34 creatures vanquished.

Vanquished Creatures (others)
  A blazeheart core (D:7)
1 creature vanquished.

Grand Total: 170 creatures vanquished

Notes
Turn   | Place    | Note
-------+----------+-------------------------------------------
     0 | D:1      | tbry the Deep Elf Summoner began the quest for the Orb.
     0 | D:1      | Reached XP level 1. HP: 10/10 MP: 6/6
   385 | D:1      | Reached XP level 2. HP: 15/15 MP: 5/8
   842 | D:1      | Reached skill level 5 in Summonings
  1192 | D:1      | Learned a level 2 spell: Call Imp
  1261 | D:2      | Identified the +11 dagger of Guor {spect, rF- rC+ rN+}
  1365 | D:2      | Reached XP level 3. HP: 18/19 MP: 10/10
  1386 | D:2      | Found a faded altar of an unknown god.
  1948 | D:2      | Found Eryoceda's Magic Scroll Boutique.
  2323 | D:2      | Learned a level 3 spell: Call Canine Familiar
  2508 | D:3      | Noticed Natasha
  2508 | D:3      | Found a runed translucent gate.
  2508 | D:3      | Found a runed translucent gate.
  2510 | D:3      | Killed Natasha
  2511 | D:3      | Reached XP level 4. HP: 24/24 MP: 12/12
  2528 | D:3      | Found a runed translucent gate.
  2530 | D:3      | Noticed araganzar's ghost (amateur DsRe)
  2534 | D:3      | Noticed Jessica
  2540 | D:3      | Killed Jessica
  2541 | D:3      | Reached skill level 3 in Stealth
  2642 | D:3      | Found an opulent altar of Gozag.
  2654 | D:3      | Became a worshipper of Gozag Ym Sagoz the Greedy
  2679 | D:3      | Noticed Natasha
  2683 | D:3      | Killed Natasha
  2684 | D:3      | Reached skill level 1 in Short Blades
  2684 | D:3      | Reached XP level 5. HP: 28/28 MP: 13/13
  2697 | D:3      | Noticed Robin
  2722 | D:3      | Killed Robin
  2786 | D:3      | Found a shimmering altar of Xom.
  3122 | D:3      | Found a radiant altar of Vehumet.
  3132 | D:3      | Found a sparkling altar of Nemelex Xobeh.
  3240 | D:3      | Noticed Natasha
  3246 | D:3      | Killed Natasha
  3300 | D:3      | Reached skill level 4 in Stealth
  3303 | D:3      | Killed araganzar's ghost
  3304 | D:3      | Reached XP level 6. HP: 9/33 MP: 6/15
  3471 | D:4      | Found a broken altar of Ashenzari.
  3485 | D:4      | Reached skill level 5 in Spellcasting
  3657 | D:4      | Noticed Sigmund
  3671 | D:4      | Killed Sigmund
  3672 | D:4      | Reached skill level 5 in Stealth
  3672 | D:4      | Reached XP level 7. HP: 16/37 MP: 11/17
  4039 | D:4      | Reached skill level 1 in Fighting
  4239 | D:4      | Noticed Edmund
  4247 | D:4      | Killed Edmund
  4688 | D:5      | Entered Level 5 of the Dungeon
  4844 | D:5      | Learned a level 4 spell: Summon Blazeheart Golem
  5001 | D:5      | Reached skill level 1 in Fire Magic
  5001 | D:5      | Reached XP level 8. HP: 43/43 MP: 19/19
  5017 | D:5      | Found a burning altar of Makhleb.
  5331 | D:5      | Reached skill level 6 in Stealth
  5340 | D:5      | Found a shadowy altar of Dithmenos.
  5558 | D:5      | Found a hazy altar of Hepliaklqana.
  5681 | D:6      | Reached skill level 7 in Stealth
  5774 | D:6      | Noticed Maggie
  5786 | D:6      | Killed Maggie
  5787 | D:6      | Reached skill level 5 in Dodging
  5787 | D:6      | Reached skill level 8 in Stealth
  5874 | D:6      | Found a staircase to the Ecumenical Temple.
  5888 | D:6      | Reached XP level 9. HP: 48/48 MP: 22/22
  6111 | D:6      | Found a snail-covered altar of Cheibriados.
  6142 | D:6      | Noticed Jeremiah
  6302 | D:6      | Killed Jeremiah
  6303 | D:6      | Reached skill level 1 in Armour
  6641 | D:7      | Reached skill level 9 in Stealth
  6686 | D:7      | Found a runed translucent door.
  6687 | D:7      | Noticed panicmichael's ghost (novice SpAl)
  6697 | D:7      | Killed panicmichael's ghost
  7028 | D:7      | Noticed Maurice
  7172 | D:7      | Learned a level 4 spell: Summon Lightning Spire
  7513 | D:8      | Reached skill level 10 in Stealth
  7563 | D:8      | Noticed Psyche
  7570 | D:8      | Killed Psyche
  8106 | D:7      | Reached skill level 1 in Shields
  8304 | D:7      | Killed by an exploding blazeheart core

Illustrated notes

Levels and vault maps discovered:
D:1:      minmay_arrival_doors, layout_loops_corners, corexii_corridor_pit,
          roderic_roman_lattice
D:2:      layout_loops_ring, hellmonk_ecumenical_altar_arch_garden,
          serial_shops, shop, kennysheep_small_spiral
D:3:      layout_rooms, nicolae_gozag_seed_capital,
          mainiacjoe_overflow_brackets, amethyst_overflow_temple_binary,
          gammafunk_ghost_necromancy, nrook_loot_triangle, uniq_jessica,
          uniq_natasha, uniq_robin
D:4:      layout_basic, nicolae_ashenzari_skybound, serial_corexii_hall,
          chequers_hall_statues_wall_a, corexii_hall_statues_x,
          corexii_hall_statues_deadend, uniq_edmund, uniq_sigmund
D:5:      layout_gridville, lemuel_round_altar, grunt_dithmenos_smoke,
          makhleb_grotto_becter
D:6:      layout_loops_cross, mainiacjoe_overflow_catwalk,
          minmay_temple_entry_purple_smoke, serial_undead, serial_undead_e,
          serial_undead_f, serial_undead_c, serial_undead_b, serial_undead_c,
          serial_undead_c, serial_undead_e, grunt_ministairs_15, uniq_jeremiah,
          uniq_maggie
D:7:      layout_rooms, ebering_ghost_reflecting_pool, kb_lookout_dungeons_type,
          amethyst_killhole, minivault_24, uniq_maurice
D:8:      layout_gridville, minmay_misc_feat_pillars, uniq_psyche

Skill      XL: |  1  2  3  4  5  6  7  8  9 |
---------------+----------------------------+-----
Summonings     | 5 6 7 8 |  8.1
Spellcasting   | 4 5 6 7 8 |  8.9
Stealth        | 3 4 5 8 10 | 10.3
Short Blades   | 1 2 3 4 |  4.3
Dodging        | 3 4 5 |  5.8
Fighting       | 1 |  1.8
Fire Magic     | 1 2 3 |  3.0
Armour         | 2 |  2.0
Shields        | 1 |  1.0
Air Magic      | |  0.1

Action                     |  1- 3 |  4- 6 |  7- 9 || total
---------------------------+-------+-------+-------++-------
  Melee: Dagger            |    23 |    56 |   179 ||   258
         Staff             |     7 |       |       ||     7
         Punch             |       |       |     2 ||     2
   Cast: Summon Small Mamm |    32 |     2 |    14 ||    48
         Call Imp          |     1 |     5 |    14 ||    20
         Call Canine Famil |     1 |     3 |    14 ||    18
         Summon Blazeheart |       |       |     2 ||     2
         Summon Lightning  |       |       |     1 ||     1
    Use: Scroll            |     4 |     4 |     6 ||    14
         Potion            |       |     1 |     1 ||     2
   Stab: Sleeping          |     4 |     3 |    23 ||    30
         Distracted        |       |     1 |     5 ||     6
 Armour: Robe              |    15 |    29 |    40 ||    84
         Steam dragon scal |       |       |    28 ||    28
  Dodge: Dodged            |    24 |    29 |   102 ||   155
  Block: Buckler           |       |       |    22 ||    22
         Reflection        |       |       |    12 ||    12
